 Dungeon Crawl Stone Soup version 0.16.1-51-g6203257 (webtiles) character file.

206 kae the Cudgeler (level 5, 0/45 HPs)
             Began as a Minotaur Chaos Knight on July 12, 2015.
             Killed by nerve-wracking pain
             ... invoked by an orc priest
              (10 damage)
             ... on level 4 of the Dungeon.
             The game lasted 00:03:27 (2209 turns).

kae the Cudgeler (Minotaur Chaos Knight)            Turns: 2209, Time: 00:03:27

Health: 0/45       AC:  5    Str: 18    XL:     5   Next: 53%
Magic:  2/2        EV: 11    Int:  9    God:    Xom [..*...]
Gold:   153        SH:  0    Dex:  9    Spells: 0 memorised, 4 levels left

rFire  . . .     SeeInvis .     e - +0 whip (curse)
rCold  . . .     Clarity  .     b - +2 leather armour
rNeg   . . .     SustAb   .     (no shield)
rPois  .         Gourm    .     (helmet restricted)
rElec  .         Spirit   .     (no cloak)
rCorr  .         Warding  .     (no gloves)
rMut   .         Stasis   .     (no boots)
MR     .....                    (no amulet)
Stlth  +.........               (no ring)
                                (no ring)

@: not resistant to hostile enchantments, very unstealthy
A: retaliatory headbutt, horns 2
a: Renounce Religion


You were on level 4 of the Dungeon.
You worshipped Xom.
You were a toy of Xom.
You were very hungry.

You visited 1 branch of the dungeon, and saw 4 of its levels.

You collected 153 gold pieces.

Inventory:

Hand weapons
 a - a +0 mace of chaos
 e - a cursed +0 whip (weapon)
Armour
 b - a +2 leather armour (worn)
 o - a +0 large shield
Jewellery
 k - an uncursed ring of poison resistance {unknown}
 q - a +3 ring of protection {unknown}
Scrolls
 d - 2 scrolls of identify {unknown}
 h - a scroll of enchant weapon {unknown}
 l - a scroll of immolation {unknown}
 m - 3 scrolls of teleportation {unknown}
 n - 3 scrolls of recharging {unknown}
 s - 3 scrolls of enchant armour {unknown}
Potions
 j - a potion of haste
Comestibles
 c - 4 bread rations
 f - a beef jerky
 g - 2 fruits
 i - a slice of pizza
 p - a meat ration


   Skills:
 - Level 3.6 Fighting
 + Level 7.6 Maces & Flails
 - Level 2.4 Armour
 - Level 1.1 Dodging


You had 4 spell levels left.
You didn't know any spells.

Dungeon Overview and Level Annotations

Branches:
Dungeon (4/15)
 Temple: D:4-7

Altars:
Nemelex Xobeh


Innate Abilities, Weirdness & Mutations

You reflexively headbutt those who attack you in melee.
You have a pair of horns on your head.


Message History

You headbutt the orc priest, but do no damage.
The orc priest hits you but does no damage.
You barely miss the orc priest.
A hobgoblin comes into view.
You barely miss the orc priest. You headbutt the orc priest.
The orc priest is moderately wounded.
The orc priest hits you with a short sword!
You hit the orc priest but do no damage.
You headbutt the orc priest.
The orc priest is heavily wounded.
You hit the orc priest.
The orc priest is heavily wounded.
The orc priest hits you with a short sword.
* * * LOW HITPOINT WARNING * * *
You are too injured to fight recklessly!
You closely miss the orc priest. Your headbutt misses the orc priest.
The orc priest is heavily wounded.
The orc priest invokes the aid of Beogh against you.
Pain shoots through your body!
You die...

... ... ...
#.# #g# #.#
#o# #o# #@#
#(#
...####(####
..!......(..#
........##.#
##.#######.###
.............#
#######.#.# #
#.#.######.#


You could see an orc priest, an orc and a hobgoblin.

Vanquished Creatures
  7 gnolls (D:3)
  2 adders (D:2)
  2 giant mites (D:3)
  3 worms
  3 giant geckos
  An ooze (D:3)
  8 orcs
  4 bats
  4 giant cockroaches
  10 hobgoblins
  4 jackals (D:2)
  9 kobolds
  A giant newt (D:1)
  8 goblins
  A quokka zombie (D:3)
  10 rats
77 creatures vanquished.

Notes
Turn   | Place    | Note
--------------------------------------------------------------
     0 | D:1      | kae, the Minotaur Chaos Knight, began the quest for the Orb.
     0 | D:1      | Reached XP level 1. HP: 19/19 MP: 1/1
   196 | D:1      | Reached skill level 4 in Maces & Flails
   288 | D:1      | Reached XP level 2. HP: 26/26 MP: 1/1
   556 | D:1      | XOM: harmless Conj miscast
   591 | D:1      | XOM: harmless Erth miscast
   592 | D:1      | XOM: divination: detect items
   633 | D:1      | Reached skill level 5 in Maces & Flails
   655 | D:1      | XOM: harmless Conj miscast
   824 | D:1      | Reached XP level 3. HP: 10/31 MP: 2/2
   826 | D:1      | XOM: harmless Trmt miscast
  1061 | D:2      | XOM is BORED!
  1061 | D:2      | XOM: medium Chrm miscast
  1170 | D:1      | XOM is BORED!
  1170 | D:1      | XOM: noise
  1219 | D:2      | Found a sparkling altar of Nemelex Xobeh.
  1308 | D:2      | XOM: vitrification
  1366 | D:2      | XOM: 5-stop teleportation journey
  1429 | D:2      | XOM: harmless Pois miscast
  1472 | D:2      | Reached XP level 4. HP: 36/39 MP: 2/2
  1477 | D:2      | XOM: confuse monster(s)
  1486 | D:2      | Reached skill level 6 in Maces & Flails
  1500 | D:2      | XOM: enchant monster (good)
  1529 | D:2      | XOM: silly message
  1626 | D:3      | XOM: potion effect (curing)
  1670 | D:3      | XOM: harmless Erth miscast
  1685 | D:3      | XOM: silly message
  1695 | D:3      | XOM: silly message
  1798 | D:3      | Reached XP level 5. HP: 34/45 MP: 2/2
  1806 | D:3      | Reached skill level 7 in Maces & Flails
  1964 | D:3      | XOM: cast spell 'Summon Butterflies'
  2115 | D:3      | XOM: silly message
  2203 | D:4      | XOM: harmless Fire miscast
  2209 | D:4      | Killed from afar by an orc priest

Action                   |  1- 3 |  4- 6 || total
-------------------------+-------+-------++-------
Melee: Whip              |    92 |   134 ||   226
       Mace              |     2 |       ||     2
  Use: Potion            |       |     7 ||     7
 Stab: Confused          |       |     1 ||     1
       Petrified         |       |     1 ||     1
  Eat: Chunk             |     2 |     2 ||     4
